 Dungeon Crawl Stone Soup version 0.26-a0-854-gdc81c2f471 (webtiles) character file.

Game seed: 18280559877203540486

99127 pkoi the Marksminotaur (level 15, -3/122 HPs)
             Began as a Minotaur Hunter on Nov 24, 2020.
             Was the Champion of Okawaru.
             Killed from afar by a starcursed mass (7 damage)
             ... with an accursed screaming
             ... on level 3 of the Abyss.
             The game lasted 00:47:34 (23446 turns).

pkoi the Marksminotaur (Minotaur Hunter)           Turns: 23446, Time: 00:47:35

Health: -3/122     AC: 30    Str: 32 (33) XL:     15   Next: 76%
Magic:  7/14       EV: 16    Int:  8      God:    Okawaru [******]
Gold:   2715       SH:  5    Dex:  8      Spells: 18/20 levels left

rFire    + . .     SeeInvis .   a - +5 longbow of Xowaisk {flame, Str+2}
rCold    + . .     Faith    .   (shield currently unavailable)
rNeg     . . .     Spirit   .   B - +3 chain mail {rF+}
rPois    +         Reflect  +   j - +2 hat
rElec    +         Harm     .   S - +2 cloak "Cuty" {Int+4}
rCorr    .         Rampage  .   I - +2 pair of gloves {Str+3}
MR       +....     Clarity  +   A - +2 pair of boots {Stlth+} Stlth ++........Rnd*Tele +
                                P - amulet of reflection
HPRegen  0.30/turn              C - ring of Ucian {rPois Stlth+}
MPRegen  0.14/turn              s - ring of Fije {rElec Str+6 Slay+5}

@: heroism, finesse, silenced
A: retaliatory headbutt, horns 2, [berserk 2], clarity, [clumsy 2], cold
resistance 1, [deterioration 2], [dopey 2], [frail 2], [low mp 3], robust 1,
[screaming 2], [teleportitis 2], evolution 1, [subdued magic 3], MP-powered
wands
a: Renounce Religion


You were on level 3 of the Abyss.
You worshipped Okawaru.
Okawaru was exalted by your worship.
You visited 5 branches of the dungeon, and saw 23 of its levels.
You visited the Abyss 1 time.
You also visited: Ossuary, Bailey, Gauntlet and Volcano.

You collected 2902 gold pieces.
You spent 187 gold pieces at shops.

Inventory:

Hand Weapons
 a - the +5 longbow of Xowaisk (weapon) {flame, Str+2}
   (Okawaru gifted it to you on level 2 of the Lair of Beasts)

   It causes projectiles fired from it to burn those they strike, causing extra
   injury to most foes and up to half again as much damage against particularly
   susceptible opponents.
   It affects your strength (+2).
 b - the +10 war axe "Imuath" {vorpal, MR+ SInv}
   (You found it in a Gauntlet)

   It inflicts extra damage upon your enemies.
   It affects your resistance to hostile enchantments.
   It lets you see invisible.
 c - a +0 scimitar of flaming
 r - the +6 long sword of Ashenzari's Pride {flame, Int+4}
   (You found it on level 3 of the Abyss)

   It has been specially enchanted to burn those struck by it, causing extra
   injury to most foes and up to half again as much damage against particularly
   susceptible opponents.
   Big, fiery blades are also staple armaments of hydra-hunters.
   It affects your intelligence (+4).
 y - a +0 longbow of freezing
Missiles
 d - 385 arrows (quivered)
Armour
 j - a +2 hat (worn)
 A - a +2 pair of boots of stealth (worn)
 B - a +3 chain mail of fire resistance (worn)
 I - a +2 pair of gloves of strength (worn)
 S - the +2 cloak "Cuty" (worn) {Int+4}
   (You found it in a Gauntlet)

   It affects your intelligence (+4).
Jewellery
 n - an uncursed amulet of regeneration
 s - the ring of Fije (right hand) {rElec Str+6 Slay+5}
   (You found it on level 3 of the Lair of Beasts)

   [ring of strength]

   It affects your strength (+6).
   It affects your accuracy and damage with ranged weapons and melee attacks
   (+5).
   It insulates you from electricity.
 C - the ring of Ucian (left hand) {rPois Stlth+}
   (You found it in a bailey)

   [ring of stealth]

   It protects you from poison.
   It makes you more stealthy.
 P - an amulet of reflection (around neck)
Wands
 k - a wand of random effects (26)
 l - a wand of flame (60)
 D - a wand of polymorph (40)
 E - a wand of iceblast (10)
 F - a wand of digging (3)
 G - a wand of acid (8)
 K - a wand of paralysis (6)
 L - a wand of enslavement (6)
 O - a wand of disintegration (20)
Scrolls
 f - 17 scrolls of remove curse
 h - 3 scrolls of blinking
 m - 4 scrolls of identify
 p - 15 scrolls of teleportation
 u - 3 scrolls of fog
 v - 3 scrolls of enchant armour
 x - a scroll of enchant weapon
 z - 3 scrolls of magic mapping
 N - a scroll of fear
Potions
 e - 3 potions of haste
 g - 10 potions of flight
 i - a potion of berserk rage
 o - 2 potions of magic
 q - 7 potions of brilliance
 t - 7 potions of heal wounds
 w - 4 potions of ambrosia
 J - 2 potions of might
 M - 9 potions of curing
 R - 2 potions of cancellation


   Skills:
 + Level 13.2(18.2) Fighting
 + Level 19.8(24.8) Bows
 + Level 13.0(18.0) Armour
 + Level 10.8(15.8) Dodging
 - Level 0.7(5.7) Stealth
 + Level 3.0 Spellcasting
 + Level 3.3 Translocations
 - Level 9.0 Invocations


You had 18 spell levels left.
You knew the following spells:

 Your Spells              Type           Power        Failure   Level
a - Blink                 Tloc           N/A          21%         2

Your spell library contained the following spells:

 Spells                   Type           Power        Failure   Level
 Freeze                   Ice            #...         52%         1
 Magic Dart               Conj           #...         52%         1
 Sandblast                Erth           #.....       52%         1
 Shock                    Conj/Air       #...         52%         1
 Call Imp                 Summ           #.......     67%         2
 Ensorcelled Hibernation  Hex/Ice        #.....       67%         2
 Passwall                 Tmut/Erth      #.......     67%         2
 Searing Ray              Conj           #.....       67%         2
 Slow                     Hex            #.......     67%         2
 Sublimation of Blood     Necr           #.........   67%         2
 Swiftness                Air            #.......     67%         2
 Conjure Flame            Conj/Fire      #.......     89%         3
 Dazzling Flash           Conj/Hex       #.....       89%         3
 Ignite Poison            Fire/Tmut/Pois #.......     89%         3
 Mephitic Cloud           Conj/Pois/Air  #.......     89%         3
 Static Discharge         Conj/Air       #.......     89%         3
 Stone Arrow              Conj/Erth      #.....       89%         3
 Iskenderun's Mystic Bla  Conj/Tloc      #.......     98%         4
 Airstrike                Air            #.........   100%        4
 Cause Fear               Hex            #.........   100%        4
 Fulminant Prism          Conj/Hex       #.........   100%        4
 Hailstorm                Conj/Ice       #.......     100%        4
 Ice Form                 Ice/Tmut       #.......     100%        4
 Petrify                  Tmut/Erth      #.......     100%        4
 Summon Ice Beast         Ice/Summ       #.......     100%        4
 Alistair's Intoxication  Tmut/Pois      #........    100%        5
 Irradiate                Conj/Tmut      #.........   100%        5
 Lee's Rapid Deconstruct  Erth           #.........   100%        5
 Lightning Bolt           Conj/Air       #.........   100%        5
 Metabolic Englaciation   Hex/Ice        #.........   100%        5
 Silence                  Hex/Air        #.........   100%        5
 Yara's Violent Unravell  Hex/Tmut       #.........   100%        5
 Eringya's Noxious Bog    Tmut/Pois      #.........   100%        6
 Freezing Cloud           Conj/Ice/Air   #.........   100%        6
 Simulacrum               Ice/Necr       #.........   100%        6
 Discord                  Hex            #.........   100%        8


Dungeon Overview and Level Annotations

Branches:
Dungeon (12/15)            Temple (1/1) D:7            Lair (6/6) D:10
 Shoals (0/4) Lair:3       Spider (0/4) Lair:2        Slime (0/5) Lair:5
    Orc (2/2) D:10            Elf (2/3) Orc:2       Ossuary (visited)
 Bailey (visited)         Volcano (visited)         Gauntlet (visited)

Altars:
Ashenzari
Cheibriados
Dithmenos
Elyvilon
Fedhas
Gozag
Hepliaklqana
Kikubaaqudgha
Makhleb
Nemelex Xobeh
Okawaru
Qazlal
Ru
Sif Muna
Trog
Uskayaw
Vehumet
Wu Jian
Xom
Yredelemnul
Zin
The Shining One
Jiyva

Shops:
D:6 **}   Orc:2 ?[[*   Elf:1 }[((

Annotations:
D:8 5 runed translucent doors
D:12 1 runed translucent door, pablito's ghost, journeyman OpTm
Lair:1 exclusion: oklob plant
Lair:3 exclusion: oklob plant
Lair:6 5 runed translucent doors, Vomitron's ghost, journeyman DsGl


Innate Abilities, Weirdness & Mutations

You reflexively headbutt those who attack you in melee.
You have a pair of horns on your head.
You possess an exceptional clarity of mind.
Your flesh is cold resistant. (rC+)
You are robust. (+10% HP)
You evolve.
You expend magic power (3 MP) to strengthen your wands.
[You often lose your temper in combat.]
[You are very clumsy. (Dex -4)]
[Your body often deteriorates upon taking damage.]
[You are very dopey. (Int -4)]
[You are very frail. (-20% HP)]
[Your magical capacity is extremely low. (-30% MP)]
[You sometimes yell uncontrollably at your foes.]
[You are sometimes teleported next to monsters.]
[Your spells are much easier to cast, but much less powerful.]


Message History

You shoot an arrow.
The arrow hits the raiju but does no damage.
The raiju is almost dead.
The raiju closely misses you.
Firing (i - inventory)
d - 387 arrows (quivered)
Press: ? - help, Shift-Dir - straight line, f/p - raiju
Aim: a raiju (silenced, almost dead)
You shoot an arrow. The arrow hits the raiju!
The arrow burns the raiju.
You kill the raiju!
Okawaru accepts your kill.
The starcursed mass engulfs you but does no damage.
Firing (i - inventory)
d - 386 arrows (quivered)
Press: ? - help, Shift-Dir - straight line, f - starcursed mass
Aim: a starcursed mass (silenced)
You shoot an arrow. The arrow hits the starcursed mass!
The arrow burns the starcursed mass.
You destroy the starcursed mass!
Okawaru accepts your kill. A chorus of shrieks assaults your mind.
You die...

.#.## ..
(((# .
...##.##..
#.(# . .##
#.(#.#...
.(#....# .
. #*X..# #
.#.
#(##XX....
. #@(# .
#. ###XX#
. #..†#
...## # #
# ..# # #
# .# . #
.. h# .. #
# # . # #
# . §


You could see 3 starcursed masses and a wretched star.

Vanquished Creatures
  Roxanne (Elf:1)
  An orc warlord (Orc:2)
  A deep elf demonologist (Elf:1)
  Nessos (Orc:2)
  A minotaur (Gauntlet)
  Josephine (Orc:2)
  Fannar (D:11)
  An ice dragon (D:12)
  A boulder beetle (D:12)
  Harold (D:8)
  9 hydras
  2 catoblepae
  6 two-headed ogres
  Erica (Lair:2)
  6 dancing weapons
  A death knight (D:8)
  An orc high priest (Orc:2)
  Urug (Lair:4)
  10 deep elf knights
  A wretched star (Abyss:3)
  An unseen horror (Abyss:3)
  A flayed ghost (D:12)
  A lindwurm (Lair:6)
  5 wizards (Volcano)
  17 deep elf magi
  4 deep elf archers
  3 orc knights
  2 oklob plants (Lair:3)
  6 orc sorcerers
  A moth of wrath (Gauntlet)
  5 toenail golems (Volcano)
  A wolf spider (Lair:2)
  A manticore (Lair:3)
  An ugly thing (D:11)
  Maurice (Orc:2)
  9 black mambas
  4 elephants
  2 cyclopes
  2 molten gargoyles (Lair:6)
  2 torpor snails (Lair:1)
  12 cane toads
  A smoke demon (Abyss:3)
  A gargoyle (D:12)
  9 komodo dragons
  2 kobold demonologists (D:11)
  2 rime drakes
  An ancient zyme (Abyss:3)
  3 meliai (D:10)
  2 trolls
  5 polar bears
  A queen bee (shapeshifter) (Gauntlet)
  Prince Ribbit (D:5)
  A wind drake (Lair:3)
  7 slime creatures (D:12)
  11 blink frogs (Lair:3)
  5 dream sheep (Lair:6)
  A meliai zombie (D:12)
  8 raiju (Abyss:3)
  6 wraiths
  A tarantella (shapeshifter) (D:12)
  2 air elementals
  A water elemental (Elf:1)
  7 wyverns
  27 yaks
  7 basilisks
  3 steam dragons
  A warg (Orc:1)
  A soldier ant (D:11)
  2 acid dragons
  14 water moccasins
  4 hell hounds (Lair:6)
  2 large abominations (Abyss:3)
  A swamp drake (Lair:6)
  3 sky beasts
  30 orc warriors
  2 black bears (D:10)
  7 ice beasts
  10 starcursed masses (Abyss:3)
  2 eyes of draining
  4 wolves (Gauntlet)
  2 phantoms
  11 ogres
  8 centaurs
  3 big kobolds
  An elf zombie (Ossuary)
  12 bullfrogs
  2 earth elementals
  A wyvern skeleton (D:12)
  6 scorpions
  8 killer bees
  A water moccasin skeleton (D:5)
  7 wights
  A howler monkey (shapeshifter) (Gauntlet)
  4 howler monkeys
  2 electric eels (D:7)
  5 lava snakes (Lair:6)
  2 bullfrog zombies
  3 centaur zombies
  2 quasits
  3 bullfrog skeletons
  3 hounds
  7 jellies
  15 orc priests
  2 centaur skeletons (D:4)
  33 orc wizards
  5 iguanas
  6 worker ants
  4 ogre zombies (Ossuary)
  A hound zombie (D:9)
  3 hound skeletons
  7 mummies (Ossuary)
  19 gnolls
  A howler monkey skeleton (D:4)
  12 adders
  4 shadow imps
  3 white imps
  2 ufetubi
  16 oozes
  6 adder zombies
  2 adder skeletons
  5 worms
  3 dart slugs
  4 leopard geckos
  84 orcs
  A ball python (D:1)
  7 giant cockroaches
  8 goblins
  11 hobgoblins
  10 jackals
  4 quokkas
  6 bats
  5 frilled lizards
  2 goblin zombies (Ossuary)
  4 hobgoblin zombies (Ossuary)
  A jackal zombie (D:5)
  26 kobolds
  6 kobold zombies
  2 orc zombies (Ossuary)
  A quokka skeleton (D:4)
  2 quokka zombies (Ossuary)
  6 rats
  4 rat zombies (Ossuary)
764 creatures vanquished.

Vanquished Creatures (others)
  An orc wizard (D:7)
  A worker ant (D:7)
  18 fungi
  21 plants
41 creatures vanquished.

Grand Total: 805 creatures vanquished

Notes
Turn   | Place    | Note
-------+----------+-------------------------------------------
     0 | D:1      | pkoi the Minotaur Hunter began the quest for the Orb.
     0 | D:1      | Reached XP level 1. HP: 18/18 MP: 0/0
    60 | D:1      | Reached XP level 2. HP: 25/25 MP: 1/1
    87 | D:1      | Reached skill level 5 in Bows
   550 | D:1      | Reached XP level 3. HP: 30/30 MP: 2/2
  1074 | D:2      | Found a glowing silver altar of Zin.
  1155 | D:2      | Found a sacrificial altar of Ru.
  1327 | D:2      | Reached skill level 6 in Bows
  1474 | D:2      | Reached XP level 4. HP: 32/37 MP: 3/3
  1812 | D:3      | Reached skill level 7 in Bows
  1812 | D:3      | Reached XP level 5. HP: 42/42 MP: 4/4
  2495 | D:4      | Reached skill level 8 in Bows
  2518 | D:4      | Reached XP level 6. HP: 50/50 MP: 5/5
  2753 | D:4      | Found a radiant altar of Vehumet.
  3056 | D:4      | Reached skill level 9 in Bows
  3147 | D:4      | Reached XP level 7. HP: 55/56 MP: 6/6
  3278 | D:5      | Entered Level 5 of the Dungeon
  3394 | D:5      | Reached skill level 10 in Bows
  3621 | D:5      | Found a sand-covered staircase.
  3625 | D:5      | Noticed Prince Ribbit
  3660 | Ossuary  | Entered an ossuary
  3850 | Ossuary  | Reached XP level 8. HP: 62/62 MP: 7/7
  3903 | Ossuary  | Reached skill level 11 in Bows
  3927 | Ossuary  | Reached skill level 1 in Armour
  4247 | D:5      | Killed Prince Ribbit
  4748 | D:6      | Reached skill level 5 in Fighting
  4750 | D:6      | Found Dosamile's Assorted Antiques.
  4801 | D:6      | Found Emung's General Store.
  4810 | D:6      | Gained mutation: You are robust. (+10% HP) [potion of
                  | mutation]
  4810 | D:6      | Gained mutation: You possess an exceptional clarity of
                  | mind. [potion of mutation]
  4810 | D:6      | Gained mutation: You expend magic power (3 MP) to
                  | strengthen your wands. [potion of mutation]
  4810 | D:6      | Gained mutation: You evolve. [potion of mutation]
  4969 | D:6      | Found Copium's Gadget Emporium.
  4990 | D:6      | Found a hide-covered altar of Uskayaw.
  5051 | D:6      | Reached XP level 9. HP: 81/81 MP: 8/8
  5265 | D:6      | Reached skill level 5 in Armour
  5864 | D:7      | Reached skill level 12 in Bows
  5916 | D:7      | Found a shimmering altar of Xom.
  6343 | D:7      | Found a stormy altar of Qazlal.
  6390 | D:7      | Found a blossoming altar of Fedhas.
  6399 | D:7      | Found a staircase to the Ecumenical Temple.
  6423 | Temple   | Entered the Ecumenical Temple
  6601 | Temple   | Became a worshipper of Warmaster Okawaru
  7053 | D:7      | Reached skill level 1 in Invocations
  7097 | D:6      | Found an ancient bone altar of Kikubaaqudgha.
  7121 | D:8      | Noticed Harold
  7136 | D:8      | Killed Harold
  7136 | D:8      | Reached * piety under Okawaru
  7137 | D:8      | Reached XP level 10. HP: 54/96 MP: 8/10
  7319 | D:8      | Noticed a two-headed ogre
  7328 | D:8      | Killed a two-headed ogre
  7358 | D:8      | Found an iron altar of Okawaru.
  7391 | D:8      | Found a runed translucent gate.
  7395 | D:8      | Found a runed translucent gate.
  7395 | D:8      | Found a runed translucent gate.
  7406 | D:8      | Found a runed translucent door.
  7416 | D:8      | Found the +9 staff of Olgreb {rPois∞}
  7418 | D:8      | Found a runed translucent door.
  7489 | D:8      | Reached ** piety under Okawaru
  7618 | D:8      | Found an opulent altar of Gozag.
  8680 | D:9      | Found an ancient bone altar of Kikubaaqudgha.
  8681 | D:9      | Found a glowing golden altar of the Shining One.
  8681 | D:9      | Found a snail-covered altar of Cheibriados.
  8820 | D:9      | Reached skill level 5 in Dodging
  8907 | D:9      | Noticed a two-headed ogre
  8919 | D:9      | Killed a two-headed ogre
  8919 | D:9      | Reached *** piety under Okawaru
  8920 | D:9      | Reached skill level 13 in Bows
  9122 | D:8      | Noticed a death knight
  9157 | D:8      | Killed a death knight
  9158 | D:8      | Reached XP level 11. HP: 21/106 MP: 13/13
  9506 | D:10     | Entered Level 10 of the Dungeon
  9645 | D:10     | Reached **** piety under Okawaru
  9737 | D:10     | Noticed a sea snake
  9800 | D:10     | Found a staircase to the Lair.
  9865 | D:10     | Noticed a two-headed ogre
  9879 | D:10     | Killed a two-headed ogre
 10037 | D:10     | Reached skill level 5 in Invocations
 10503 | D:10     | Found a staircase to the Orcish Mines.
 10796 | Lair:1   | Entered Level 1 of the Lair of Beasts
 11302 | Lair:1   | Noticed an oklob plant
 11441 | Lair:1   | Reached skill level 10 in Fighting
 11445 | Lair:1   | Reached ***** piety under Okawaru
 11557 | Lair:1   | Received a gift from Okawaru
 11653 | Lair:1   | Found a snail-covered altar of Cheibriados.
 12174 | Lair:2   | Noticed a wolf spider
 12183 | Lair:2   | Killed a wolf spider
 12183 | Lair:2   | Received a gift from Okawaru
 12184 | Lair:2   | Reached skill level 10 in Armour
 12223 | Lair:2   | Found a hole to the Spider Nest.
 12229 | Lair:2   | Noticed an eight-headed hydra
 12238 | Lair:2   | Killed an eight-headed hydra
 12238 | Lair:2   | Received a gift from Okawaru
 12315 | Lair:2   | Reached XP level 12. HP: 97/117 MP: 15/15
 12610 | Lair:2   | Received a gift from Okawaru
 12710 | Lair:2   | Noticed a seven-headed hydra
 12720 | Lair:2   | Killed a seven-headed hydra
 12740 | Lair:2   | Noticed a catoblepas
 12760 | Lair:2   | Killed a catoblepas
 12761 | Lair:2   | Reached skill level 14 in Bows
 12927 | Lair:2   | Noticed Erica
 12945 | Lair:2   | Killed Erica
 12945 | Lair:2   | Received a gift from Okawaru
 12948 | Lair:2   | Got an encrusted longbow {god gift}
 12949 | Lair:2   | Identified the +5 longbow of Xowaisk {flame, Str+2}
                  | (Okawaru gifted it to you on level 2 of the Lair of Beasts)
 13193 | Lair:3   | Got a flickering ivory ring
 13195 | Lair:3   | Identified the ring of Fije {rElec Str+6 Slay+5} (You found
                  | it on level 3 of the Lair of Beasts)
 13236 | Lair:3   | Gained mutation: Your flesh is cold resistant. (rC+)
                  | [evolution]
 13374 | Lair:3   | Found a gate leading to a gauntlet.
 13399 | Gauntlet | Entered a Gauntlet
 13399 | Gauntlet | Found a transporter.
 13399 | Gauntlet | Found a transporter.
 13399 | Gauntlet | Found a transporter.
 13400 | Gauntlet | Found a transporter.
 13401 | Gauntlet | Found a transporter.
 13407 | Gauntlet | Found a transporter.
 13411 | Gauntlet | Found a transporter.
 13413 | Gauntlet | Found a transporter.
 13415 | Gauntlet | Found a transporter.
 13417 | Gauntlet | Found a transporter.
 13422 | Gauntlet | Found a runed translucent door.
 13424 | Gauntlet | Found a transporter.
 13425 | Gauntlet | Found a transporter.
 13656 | Gauntlet | Got a distressingly furry cloak
 13659 | Gauntlet | Identified the +2 cloak "Cuty" {Int+4} (You found it in a
                  | Gauntlet)
 13738 | Gauntlet | Identified the +7 battleaxe "Impslayer" {pain, Str+6}
 13738 | Gauntlet | Noticed a minotaur
 13743 | Gauntlet | Killed a minotaur
 13772 | Gauntlet | Identified Zaafer's Incunabulum of the Frostbite
 13774 | Gauntlet | Got a pair of translucent boots
 13785 | Gauntlet | Identified the +3 pair of boots of Pride {Harm rF- MR+
                  | Int+5} (You found it in a Gauntlet)
 13817 | Gauntlet | Got an ichor-stained war axe
 13817 | Gauntlet | Got transparent ice dragon scales
 13818 | Gauntlet | Identified the +10 war axe "Imuath" {vorpal, MR+ SInv} (You
                  | found it in a Gauntlet)
 13819 | Gauntlet | Identified the +0 ice dragon scales of the Armadillo {*Slow
                  | +Fly rF- rC++ Str+4 Dex+7} (You found it in a Gauntlet)
 13918 | Lair:3   | Received a gift from Okawaru
 13935 | Lair:3   | Found a staircase to the Shoals.
 13961 | Lair:3   | Received a gift from Okawaru
 14107 | Lair:3   | Noticed a catoblepas
 14112 | Lair:3   | Killed a catoblepas
 14136 | Lair:3   | Received a gift from Okawaru
 14149 | Lair:3   | Reached ****** piety under Okawaru
 14229 | Lair:3   | Noticed a seven-headed hydra
 14232 | Lair:3   | Killed a seven-headed hydra
 14233 | Lair:3   | Reached XP level 13. HP: 128/128 MP: 16/18
 15039 | Lair:4   | Noticed Urug
 15047 | Lair:4   | Killed Urug
 15615 | Lair:5   | Reached skill level 15 in Bows
 15661 | Lair:5   | Received a gift from Okawaru
 15744 | Lair:5   | Found a viscous altar of Jiyva.
 15744 | Lair:5   | Found a staircase to the Slime Pits.
 16228 | Lair:6   | Entered Level 6 of the Lair of Beasts
 16324 | Lair:6   | Received a gift from Okawaru
 16328 | Lair:6   | Reached skill level 16 in Bows
 16341 | Lair:6   | Received a gift from Okawaru
 16588 | Lair:6   | Received a gift from Okawaru
 16644 | Lair:6   | Received a gift from Okawaru
 16665 | Lair:6   | Reached XP level 14. HP: 138/138 MP: 19/19
 16812 | Lair:6   | Reached skill level 17 in Bows
 16875 | Lair:6   | Found a large runed translucent door.
 16875 | Lair:6   | Found a large runed translucent door.
 16973 | Lair:6   | Found a runed translucent gate.
 16973 | Lair:6   | Found a runed translucent gate.
 16974 | Lair:6   | Found a runed translucent gate.
 16974 | Lair:6   | Noticed Vomitron's ghost (journeyman DsGl)
 17717 | D:11     | Noticed Fannar
 17726 | D:11     | Killed Fannar
 18075 | D:11     | Found a sparkling altar of Nemelex Xobeh.
 18436 | D:12     | Received a gift from Okawaru
 18442 | D:12     | Found a flagged portal.
 18458 | Bailey   | Entered a bailey
 18685 | Bailey   | Got a pitted wooden ring
 18867 | Bailey   | Got a transparent great mace
 19026 | D:12     | Noticed pablito's ghost (journeyman OpTm)
 19030 | D:12     | Found a runed translucent door.
 19136 | D:12     | Found a shimmering altar of Xom.
 19145 | D:12     | Reached skill level 18 in Bows
 19156 | D:12     | Found a blossoming altar of Fedhas.
 19597 | Orc:1    | Entered Level 1 of the Orcish Mines
 19671 | Orc:2    | Entered Level 2 of the Orcish Mines
 19682 | Orc:2    | Noticed Nessos
 19693 | Orc:2    | Killed Nessos
 19749 | Orc:2    | Noticed an orc warlord
 19754 | Orc:2    | Killed an orc warlord
 19770 | Orc:2    | Found a dark tunnel.
 19778 | Volcano  | Entered a volcano
 19805 | Volcano  | Reached skill level 19 in Bows
 20008 | Volcano  | Received a gift from Okawaru
 20051 | Volcano  | Learned a level 2 spell: Blink
 20284 | Orc:2    | Noticed Josephine
 20287 | Orc:2    | Killed Josephine
 20331 | Orc:2    | Found a staircase to the Elven Halls.
 20567 | Orc:2    | Found Seiffowy's Antique Armour Shop.
 20567 | Orc:2    | Found Hiubev's General Store.
 20575 | Orc:2    | Found Pozxykh's Magic Scroll Boutique.
 20575 | Orc:2    | Found Tuofemp's Antique Armour Boutique.
 20582 | Orc:2    | Reached skill level 1 in Translocations
 20596 | Orc:2    | Bought a pair of embroidered gloves for 187 gold pieces
 20625 | Orc:2    | Noticed Maurice
 20629 | Orc:2    | Killed Maurice
 20630 | Orc:2    | Reached skill level 1 in Spellcasting
 20663 | Orc:2    | Reached XP level 15. HP: 147/147 MP: 20/20
 21215 | Orc:2    | Identified the ring of Ucian {rPois Stlth+} (You found it
                  | in a bailey)
 21788 | Elf:1    | Entered Level 1 of the Elven Halls
 21807 | Elf:1    | Reached skill level 10 in Dodging
 21918 | Elf:1    | Found Fopha's Gadget Shop.
 21928 | Elf:1    | Noticed Roxanne
 21971 | Elf:1    | Received a gift from Okawaru
 22372 | Elf:1    | Killed Roxanne
 22483 | Elf:1    | Found Vestuxez's Armour Boutique.
 22487 | Elf:1    | Found Qain's Weapon Shoppe.
 22525 | Elf:1    | Found Wyisucof's Antique Weapon Boutique.
 23143 | Elf:2    | Cast into level 3 of the Abyss (a deep elf demonologist)
 23181 | Abyss:3  | Got a masterwork long sword
 23182 | Abyss:3  | Identified the +6 long sword of Ashenzari's Pride {flame,
                  | Int+4} (You found it on level 3 of the Abyss)
 23255 | Abyss:3  | Received a gift from Okawaru
 23435 | Abyss:3  | Paralysed by accursed screaming for 1 turns
 23439 | Abyss:3  | HP: 5/122 [raiju (5)]
 23446 | Abyss:3  | Killed from afar by a starcursed mass

Illustrated notes

Levels and vault maps discovered:
D:1:      lemuel_arrival_rhombus, layout_basic, serial_rivers,
          chequers_serial_rivers_small_a, chequers_serial_rivers_marsh,
          chequers_serial_rivers_small_a, chequers_serial_rivers_large_b
D:2:      layout_basic, zin_scriptorium, nicolae_overflow_crystal_walls,
          patterned_corridor
D:3:      layout_basic, hangedman_decor_peaks_small, minmay_surrounded
D:4:      layout_basic, fiery_altar_vehumet, chequers_serial_rivers_micro_a,
          grunt_ministairs_10
D:5:      layout_rooms, enter_ossuary_3, kennysheep_generic_room_10,
          uniq_prince_ribbit1
D:6:      lemuel_upstairs_altar, layout_basic, eat_drink_and_be_merry_uskayaw,
          serial_shops, kennysheep_mini, shop, shop
D:7:      layout_basic, xom_confusion_cloud, kennysheep_little_box,
          minmay_temple_entry_slanted, fedhas_altar_2
D:8:      wad_cavern_with_rooms, layout_cave_pools, lemuel_round_altar,
          basic_altar, minmay_guarded_unrand_staff_of_olgreb, uniq_harold
D:9:      layout_irregular_city, chequers_temple_overflow_statue_of_worship,
          kennysheep_generic_room_15
D:10:     layout_loops_ring, david_lair_generic, orc_0_dummy, serial_aquarium,
          aquarium_bridge_island_large [aquarium_subvault_large_water,
          aquarium_subvault_bridge, aquarium_subvault_wall,
          aquarium_subvault_bridge, aquarium_subvault_wall],
          aquarium_bridge_square [aquarium_subvault_window,
          aquarium_subvault_bridge, aquarium_subvault_bridge,
          aquarium_subvault_wall], aquarium_window_corridor_1,
          aquarium_window_1, aquarium_window_fake, aquarium_view_2c,
          aquarium_balcony_5b
D:11:     layout_basic, kennysheep_minor_cross, moated_statue,
          lemuel_statue_altar, uniq_fannar
D:12:     layout_roguey, hellmonk_ghost_happy_afterlife, enter_bailey_3,
          chequers_serial_rivers_micro_d, st_stairs_6, jmf_multi_god_temple
Temple:   minmay_temple_bridge_abc
Lair:1:   lemuel_slime, layout_regular_city, kennysheep_snail_temple,
          serial_bayou_shore_b
Lair:2:   layout_regular_city, spider_nest_entry_rubble, uniq_erica
Lair:3:   layout_cave_pods, minmay_shoals_entry_beasts, gauntlet_entry_generic,
          minmay_lair_oklob_chamber, grunt_megastairs_2, serial_bayou_shore_b,
          infiniplex_staircase_pool_2
Lair:4:   layout_roguey, lemuel_fruit_fields, uniq_urug
Lair:5:   layout_cave_shapes, slime_altar_1, st_stairs_9, minmay_holes
Lair:6:   cheibrodos_lair_end_hotspot, layout_big_grid,
          gammafunk_ghost_hydra_chop, guppyfry_lair_drakes
Orc:1:    layout_diamond_mine
Orc:2:    st_orc_mages, layout_caves, enter_volcano_2, nicolae_orc_stony_grotto,
          uniq_josephine, uniq_maurice, uniq_nessos
Elf:1:    eino_elf_arrival_customs, layout_geoelf_octagon, serial_shops, shop,
          shop, shop, nicolae_shop_behind_doors, serial_glass, glass_columns_a,
          glass_columns_a, evilmike_minifort, uniq_roxanne
Elf:2:    layout_gridlike, special_room [special_room_mythical_zoo],
          minmay_misc_feat_rows
Abyss:3:  base: Spider:2, doesnt_abyss_rune_brain_food,
          due_evilmike_abyss_rune_seething_liches

Skill      XL: |  1  2  3  4  5  6  7  8  9 10 11 12 13 14 15 |
---------------+----------------------------------------------+-----
Bows           | 5 6 7 8 9 10 11 12 13 14 16 19 | 19.8
Armour         | 4 7 8 10 11 12 13 | 13.0
Fighting       | 5 7 9 10 11 12 13 | 13.2
Invocations    | 2 4 6 8 9 |  9.0
Dodging        | 3 5 7 9 10 | 10.8
Translocations | 1 3 |  3.3
Spellcasting   | 1 3 |  3.0
Stealth        | |  0.7

Action                   |  1- 3 |  4- 6 |  7- 9 | 10-12 | 13-15 || total
-------------------------+-------+-------+-------+-------+-------++-------
Melee: Short sword       |    43 |     2 |       |       |       ||    45
       Headbutt          |     9 |       |       |    60 |       ||    69
       Dagger            |       |       |       |   255 |       ||   255
       Unarmed           |       |       |       |     2 |       ||     2
 Fire: Shortbow          |    68 |   172 |   578 |   505 |       ||  1323
       Longbow           |       |       |       |   121 |   997 ||  1118
Invok: Heroism           |       |       |       |     4 |     5 ||     9
       Finesse           |       |       |       |       |     2 ||     2
  Use: Scroll            |       |     7 |     3 |    13 |     9 ||    32
       Potion            |       |       |     7 |       |     1 ||     8
Armor: Chain mail        |    28 |    37 |   103 |   175 |    38 ||   381
       Leather armour    |     6 |       |       |       |       ||     6
       Skin              |       |       |       |     2 |       ||     2
       Plate armour      |       |       |       |     7 |    73 ||    80
Dodge: Dodged            |    30 |    32 |    65 |   271 |   139 ||   537
Block: Other             |       |       |       |       |    11 ||    11
       Reflection        |       |       |       |       |     4 ||     4

Table legend: (Time is in decaauts)
 A = Elapsed time spent in this place.
 B = Non-inter-level travel time spent in this place.
 C = Inter-level travel time spent in this place.
 D = Time resting spent in this place.
 E = Time spent auto-exploring this place.
 F = Levels seen in this place.
 G = Mean time per level.
                   A        B        C        D        E       F      G
               +--------+--------+--------+--------+--------+-----+--------+
         Total |  22962 |  21560 |   1402 |   1174 |  15487 |  28 |  820.1 |
       Dungeon |  11718 |  11061 |    657 |    789 |   8055 |  12 |  976.5 |
        Temple |    198 |    178 |     20 |      0 |    171 |   1 |  198.0 |
          Lair |   6158 |   5599 |    559 |    291 |   4236 |   6 | 1026.3 |
  Orcish Mines |   1460 |   1322 |    138 |      0 |    899 |   2 |  730.0 |
   Elven Halls |   1315 |   1289 |     26 |      0 |   1063 |   2 |  657.5 |
         Abyss |    277 |    277 |      0 |     38 |      0 |   1 |  277.0 |
       Ossuary |    528 |    528 |      0 |      0 |    361 |   1 |  528.0 |
        Bailey |    445 |    445 |      0 |     13 |    241 |   1 |  445.0 |
       Volcano |    423 |    423 |      0 |     17 |    268 |   1 |  423.0 |
      Gauntlet |    437 |    437 |      0 |     26 |    191 |   1 |  437.0 |
               +--------+--------+--------+--------+--------+-----+--------+

Top non-repeatable levels by time:
    D:10: 1430 daAuts
     D:8: 1319 daAuts
     D:7: 1268 daAuts
  Lair:3: 1237 daAuts
  Lair:1: 1225 daAuts
  Lair:2: 1194 daAuts
   Orc:2: 1113 daAuts
     D:2: 1093 daAuts
   Elf:1: 1069 daAuts
     D:6: 1055 daAuts
    D:11: 984 daAuts
  Lair:4: 910 daAuts
  Lair:6: 905 daAuts
     D:4: 903 daAuts
     D:9: 882 daAuts
